 Dungeon Crawl Stone Soup version 0.28-a0-1182-g381e24db82 (webtiles) character file.

Game seed: 16318116122685710754

3308 browni3141 the Carver (level 10, -6/70 HPs)
             Began as a Formicid Fighter on Dec 17, 2021.
             Was a Believer of Okawaru.
             Mangled by a wyvern (9 damage)
             ... on level 10 of the Dungeon.
             The game lasted 00:20:35 (11129 turns).

browni3141 the Carver (Formicid Fighter)           Turns: 11129, Time: 00:20:35

Health: -6/70      AC: 11    Str: 24 (25) XL:     10   Next: 21%
Magic:  15/15      EV:  6    Int:  8      God:    Okawaru [**....]
Gold:   1711       SH:  5    Dex: 16      Spells: 9/9 levels left

rFire   . . .      SeeInvis +   a - +1 great sword
rCold   . . .      Faith    .   c - +0 buckler
rNeg    + . .      Spirit   .   y - +0 plate armour
rPois   .          Reflect  .   (helmet unavailable)
rElec   .          Harm     .   (no cloak)
rCorr   .          Rampage  .   (no gloves)
Will    +....                   (no boots)
Stlth   ..........              (no amulet)
HPRegen 0.21/turn               r - +6 ring of dexterity
MPRegen 0.14/turn               z - ring of positive energy

@: no status effects
A: permanent stasis, dig shafts and tunnels, antennae 3, four strong arms
a: Dig, Shaft Self, Renounce Religion, Heroism


You were on level 10 of the Dungeon.
You worshipped Okawaru.
Okawaru was pleased with you.
You visited 2 branches of the dungeon, and saw 10 of its levels.

You collected 1711 gold pieces.

Inventory:

Hand Weapons
 a - a +1 great sword (weapon)
Missiles
 l - 48 poisoned darts (quivered)
 m - a throwing net
 u - 32 bolts
Armour
 b - a +0 scale mail
 c - a +0 buckler (worn)
 y - a +0 plate armour (worn)
Jewellery
 r - a +6 ring of dexterity (left hand)
 z - a ring of positive energy (right hand)
Wands
 h - a wand of flame (15)
Scrolls
 e - a scroll of silence
 f - a scroll of blinking
 g - 3 scrolls of teleportation
 k - a scroll of torment
 q - a scroll of vulnerability
 w - a scroll of noise {unknown}
 x - 2 scrolls of enchant armour {unknown}
Potions
 d - 2 potions of might
 n - a potion of brilliance {unknown}
 o - 2 potions of heal wounds {unknown}
 p - a potion of flight {unknown}
 v - a potion of berserk rage


   Skills:
 - Level 3.2 Fighting
 * Level 12.5 Long Blades
 - Level 3.2 Armour
 - Level 3.6 Shields
 * Level 6.9 Invocations


You had 9 spell levels left.
You didn't know any spells.
Your spell library contained the following spells:

 Spells                   Type           Power      Damage    Failure   Level
 Sandblast                Erth           0%         2d4       100%        1
 Ensorcelled Hibernation  Hex/Ice        0%         N/A       100%        2
 Passwall                 Tmut/Erth      0%         N/A       100%        2
 Spider Form              Tmut/Pois      0%         N/A       100%        3
 Stone Arrow              Conj/Erth      0%         3d7       100%        3
 Fireball                 Conj/Fire      0%         3d3       100%        5
 Iskenderun's Battlesphe  Conj           0%         2d6       100%        5
 Conjure Ball Lightning   Conj/Air       0%         3x3d6     100%        6
 Orb of Destruction       Conj           0%         N/A       100%        7
 Borgnjor's Revivificati  Necr           0%         N/A       100%        8
 Necromutation            Tmut/Necr      0%         N/A       100%        8
 Death's Door             Necr           0%         N/A       100%        9


Dungeon Overview and Level Annotations

Branches:
Dungeon (10/15)            Temple (1/1) D:5
   Lair: D:8-11         Orc: D:9-12

Altars:
Ashenzari
Cheibriados
Dithmenos
Elyvilon
Fedhas
Gozag
Hepliaklqana
Kikubaaqudgha
Makhleb
Nemelex Xobeh
Okawaru
Qazlal
Ru
Trog
Uskayaw
Vehumet
Wu Jian
Xom
Yredelemnul
Zin
The Shining One

Shops:
D:1 =

Annotations:
D:7 3 runed translucent doors, Hubris850's ghost, novice DsBe; Joseph; Redcow54321's ghost, amateur GnDe; coolguy420's ghost, novice DECj; quinnr's ghost, amateur FoFi; spaghetti's ghost, weakling OpDe
D:10 exclusion: 4 oklob plants


Innate Abilities, Weirdness & Mutations

You cannot be hasted, slowed, berserked, paralysed or teleported.
You can dig through walls and to a lower floor.
You have a pair of large antennae on your head. (SInv)
Your four strong arms can wield two-handed weapons with a shield.


Message History

An orc comes into view. It is wielding a +0 trident.
An orc wizard comes into view. It is wielding a +0 dagger.
The floating eye's view fixates on you.
The orc wizard shouts!
The wyvern hisses angrily.
You hear a shout!
An orc priest comes into view. It is wielding a +0 club.
An orc comes into view. It is wielding a +0 dagger.
The floating eye gazes piercingly through you!
Your stasis prevents you from being paralysed.
The wyvern hisses angrily.
The floating eye seems to glare at you.
You extend your mandibles.
You dig through the rock wall.
The wyvern hisses angrily.
The floating eye gazes piercingly through you!
Your stasis prevents you from being paralysed.
You retract your mandibles.
The wyvern hisses angrily.
You block the wyvern's attack.
You flicker for a moment.
The floating eye's stare focuses on you.
The wyvern bites you but does no damage.
You block the wyvern's attack. The wyvern bites you.
* * * LOW HITPOINT WARNING * * *
Unknown command.
You feel better.
You flicker back into view.
You block the wyvern's attack.
You extend your mandibles.
You dig through the rock wall.
A rust devil comes into view.
Found a burning altar of Makhleb.
The rust devil screeches!
The wyvern bites you!
* * * LOW HITPOINT WARNING * * *
Unknown command.
Okay, then.
Okay, then.
You retract your mandibles.
You closely miss the wyvern. The wyvern bites you!
You die...

..§§§§8≈....#
..4..§≈.....###
.....≈≈........
...≈≈.......#
§≈§........#
§≈§.......#
§§.......# ###@###
#..l..# oo #.....#
{.... #...o.# .....
#....o+ ##.o...
+.....#### .......
#........###.#.....
#.....#...o........
##+###.............


You could see a rust devil, a wyvern, an orc wizard and an orc.

Vanquished Creatures
  A steam dragon (D:8)
  3 water moccasins (D:7)
  An orc warrior (D:6)
  An ice beast (D:6)
  2 black bears
  4 sky beasts
  2 ogres
  3 necrophages
  A centaur (D:8)
  A phantom (D:4)
  4 bullfrogs
  A water moccasin skeleton (D:5)
  6 killer bees
  4 wights (D:6)
  2 howler monkeys
  4 hounds
  2 jellies
  A centaur skeleton (D:6)
  2 gnoll shamans
  5 iguanas
  3 orc wizards
  A howler monkey zombie (D:6)
  13 gnolls
  A howler monkey skeleton (D:7)
  5 adders
  A shadow imp (D:6)
  A worm (D:2)
  A dart slug (D:2)
  12 orcs
  3 ball pythons
  7 endoplasms
  3 giant cockroaches
  6 goblins
  5 hobgoblins
  4 jackals
  4 quokkas
  9 bats
  3 frilled lizards
  7 kobolds
  12 rats
  A spectral orc (D:5)
152 creatures vanquished.

Notes
Turn   | Place    | Note
-------+----------+-------------------------------------------
     0 | D:1      | browni3141 the Formicid Fighter began the quest for the
                  | Orb.
     0 | D:1      | Reached XP level 1. HP: 18/18 MP: 1/1
   289 | D:1      | Reached XP level 2. HP: 24/24 MP: 2/2
   368 | D:1      | Reached skill level 3 in Long Blades
   615 | D:1      | Reached XP level 3. HP: 23/29 MP: 3/3
   677 | D:1      | Found Saerruud's Jewellery Emporium.
  1195 | D:2      | Found a faded altar of an unknown god.
  1455 | D:2      | Reached skill level 4 in Long Blades
  1455 | D:2      | Reached XP level 4. HP: 19/35 MP: 4/4
  2732 | D:2      | Reached XP level 5. HP: 20/41 MP: 5/5
  3560 | D:3      | Reached skill level 5 in Long Blades
  3657 | D:4      | Noticed a phantom
  3670 | D:4      | Killed a phantom
  3671 | D:4      | Reached XP level 6. HP: 38/47 MP: 6/6
  3903 | D:4      | Reached skill level 6 in Long Blades
  4055 | D:4      | Found a sacrificial altar of Ru.
  4254 | D:4      | Noticed a necrophage
  4263 | D:4      | Killed a necrophage
  4558 | D:4      | Found a white marble altar of Elyvilon.
  4560 | D:4      | Found a hide-covered altar of Uskayaw.
  4564 | D:4      | Found a basalt altar of Yredelemnul.
  4739 | D:5      | Entered Level 5 of the Dungeon
  4739 | D:5      | Noticed a necrophage
  4760 | D:5      | Killed a necrophage
  4761 | D:5      | Reached skill level 7 in Long Blades
  4761 | D:5      | Reached XP level 7. HP: 35/51 MP: 7/7
  4935 | D:5      | Reached skill level 8 in Long Blades
  5498 | D:5      | Found a snail-covered altar of Cheibriados.
  5540 | D:5      | Reached XP level 8. HP: 58/58 MP: 8/8
  5768 | D:5      | Reached skill level 9 in Long Blades
  5956 | D:5      | Found a staircase to the Ecumenical Temple.
  5982 | Temple   | Entered the Ecumenical Temple
  6072 | Temple   | Became a worshipper of Warmaster Okawaru
  6582 | D:5      | Found a hazy altar of Hepliaklqana.
  6761 | D:6      | Reached skill level 10 in Long Blades
  7112 | D:6      | Reached XP level 9. HP: 64/64 MP: 9/9
  7308 | D:6      | Identified the +1 war axe of the Shore {vorpal, +Blink
                  | rElec Int+4 Stlth+}
  7322 | D:6      | Reached * piety under Okawaru
  7672 | D:6      | Reached skill level 11 in Long Blades
  7954 | D:6      | Reached skill level 1 in Invocations
  8535 | D:6      | Found a sparkling altar of Nemelex Xobeh.
  9282 | D:7      | Found a radiant altar of Vehumet.
  9683 | D:7      | Reached ** piety under Okawaru
  9684 | D:7      | Reached skill level 12 in Long Blades
  9684 | D:7      | Reached skill level 5 in Invocations
  9853 | D:7      | Noticed Joseph
 10202 | D:7      | Found a runed translucent gate.
 10202 | D:7      | Found a runed translucent gate.
 10202 | D:7      | Found a runed translucent gate.
 10204 | D:7      | Noticed Redcow54321's ghost (amateur GnDe)
 10204 | D:7      | Noticed Hubris850's ghost (novice DsBe)
 10205 | D:7      | Noticed coolguy420's ghost (novice DECj)
 10205 | D:7      | Noticed spaghetti's ghost (weakling OpDe)
 10205 | D:7      | Noticed quinnr's ghost (amateur FoFi)
 10349 | D:8      | Reached XP level 10. HP: 60/70 MP: 14/14
 10569 | D:8      | Noticed a boulder beetle
 10646 | D:8      | Identified a scroll of acquirement
 10647 | D:8      | Acquired 1260 gold pieces
 11101 | D:8      | Noticed a centaur warrior
 11114 | D:8      | You fall into a shaft and drop 2 floors!
 11114 | D:10     | Entered Level 10 of the Dungeon
 11114 | D:10     | Noticed an oklob plant
 11114 | D:10     | Noticed an oklob plant
 11114 | D:10     | Noticed an oklob plant
 11114 | D:10     | Noticed an oklob plant
 11128 | D:10     | Found a burning altar of Makhleb.
 11128 | D:10     | Noticed a rust devil
 11128 | D:10     | HP: 3/70 [wyvern (12)]
 11129 | D:10     | Mangled by a wyvern

Illustrated notes

Levels and vault maps discovered:
D:1:      dpeg_arrival_renting, layout_loops_ring, serial_shops,
          nicolae_shop_waterfront
D:2:      layout_basic, nicolae_ecumenical_lake_church, minmay_rat_gold_closets
D:3:      layout_basic, hex_medium
D:4:      layout_cave_pods, kennysheep_mini, grunt_temple_overflow_diamond,
          minmay_pentomino_pile
D:5:      layout_rooms, general_overflow_altar,
          nicolae_hepliaklqana_monster_ancestors, minmay_temple_entry_hall
D:6:      layout_basic, nemelex_dance_club_becter
D:7:      layout_loops_ring, vehumet_altar_wand_db, gammafunk_ghost_cemetery,
          uniq_joseph
D:8:      layout_basic, nicolae_overflow_hidden_temple, minmay_pinched_square,
          uniq_pikel, uniq_harold
D:10:     layout_roguey, demons_altar, nicolae_shop_unique_rings,
          disabler_island, uniq_nergalle
Temple:   hc_temple_tempest_star

Skill      XL: |  1  2  3  4  5  6  7  8  9 10 |
---------------+-------------------------------+-----
Long Blades    | 3 4 5 7 8 10 12 | 12.5
Invocations    | 5 6 |  6.9
Fighting       | |  3.2
Armour         | |  3.2
Shields        | |  3.6

Action                   |  1- 3 |  4- 6 |  7- 9 | 10-12 || total
-------------------------+-------+-------+-------+-------++-------
Melee: Long sword        |   125 |   153 |    93 |       ||   371
       Great sword       |       |       |   162 |    33 ||   195
Throw: Dart              |       |     9 |    52 |    14 ||    75
Invok: Heroism           |       |       |     6 |     2 ||     8
 Abil: Dig               |       |       |     7 |     4 ||    11
       Shaft Self        |       |       |       |     1 ||     1
  Use: Potion            |       |     2 |     3 |     5 ||    10
       Scroll            |       |     2 |     1 |     4 ||     7
Armor: Scale mail        |    58 |    55 |    46 |       ||   159
       Plate armour      |       |       |    61 |    32 ||    93
Dodge: Dodged            |    65 |    80 |    91 |    20 ||   256
Block: Buckler           |    33 |    30 |    58 |    24 ||   145

Table legend: (Time is in decaauts)
 A = Elapsed time spent in this place.
 B = Non-inter-level travel time spent in this place.
 C = Inter-level travel time spent in this place.
 D = Time resting spent in this place.
 E = Time spent auto-exploring this place.
 F = Levels seen in this place.
 G = Mean time per level.
                   A        B        C        D        E       F      G
               +--------+--------+--------+--------+--------+-----+--------+
         Total |  11199 |  10488 |    711 |   1556 |   6849 |  10 | 1119.9 |
       Dungeon |  10766 |  10107 |    659 |   1556 |   6483 |   9 | 1196.2 |
        Temple |    433 |    381 |     52 |      0 |    366 |   1 |  433.0 |
               +--------+--------+--------+--------+--------+-----+--------+

Top non-repeatable levels by time:
     D:6: 2349 daAuts
     D:4: 1788 daAuts
     D:2: 1503 daAuts
     D:5: 1294 daAuts
     D:1: 1145 daAuts
     D:3: 1004 daAuts
     D:7: 877 daAuts
     D:8: 787 daAuts
  Temple: 433 daAuts
    D:10: 15 daAuts
